 Dungeon Crawl Stone Soup version 0.14-a0-2644-gcc8e764 (webtiles) character file.

625 Herrn the Skirmisher (level 6, 0/53 HPs)
             Began as a Djinni Fighter on Feb 16, 2014.
             Was a Follower of Okawaru.
             Succumbed to poison (a potion of poison)
             ... on Level 4 of the Dungeon.
             The game lasted 00:13:27 (3282 turns).

Herrn the Skirmisher (Djinni Fighter)               Turns: 3282, Time: 00:13:27

HP   0/53        AC  8     Str 21      XL: 6   Next: 46%
MP   0/0         EV  6     Int 15      God: Okawaru [*.....]
Gold 244         SH 19     Dex 14      Spells:  0 memorised,  5 levels left

rFire  + + +     SeeInvis .     a - +0 falchion
rCold  . . .     Clarity  .     b - +0 scale mail
rNeg   + + +     Conserve .     c - +0 shield
rPois  .         rCorr    .     v - +0 helmet
rElec  .         rRot     .     (no cloak)
SustAb . .       Spirit   .     (no gloves)
rMut   .         Warding  .     (boots unavailable)
Saprov . . .     Stasis   .     (no amulet)
MR     .....                    g - +6 ring of intelligence
                                w - ring of protection from cold {unknown}

@: mighty, flying, quite poisoned, not resistant to hostile enchantments,
extremely unstealthy
A: fire immunity, cold vulnerability, life protection 3
a: Heroism, Renounce Religion


You were on level 4 of the Dungeon.
You worshipped Okawaru.
Okawaru was aware of your devotion.
You were not hungry.

You visited 1 branch of the dungeon, and saw 4 of its levels.

You collected 244 gold pieces.

Inventory:

Hand weapons
 a - a +0,+0 falchion (weapon)
Armour
 b - a +0 scale mail (worn)
 c - a +0 shield (worn)
 v - a +0 helmet (worn)
Scrolls
 d - 2 scrolls of blinking {unknown}
 h - 2 scrolls of curse weapon {unknown}
 i - a scroll of fear {unknown}
 l - a scroll of amnesia {unknown}
 o - 3 scrolls of remove curse {unknown}
 p - a scroll of recharging {unknown}
 q - 7 scrolls of identify {unknown}
 r - a scroll of curse jewellery {unknown}
 s - 3 scrolls of magic mapping {unknown}
 u - 4 scrolls of random uselessness {unknown}
Jewellery
 g - a +6 ring of intelligence (right hand)
 w - a ring of protection from cold (left hand) {unknown}
Potions
 n - a potion of poison


   Skills:
 * Level 4.8 Fighting
 + Level 4.2 Long Blades
 - Level 3.2 Armour
 - Level 3.0 Shields
   Level 1.4 Invocations
   Level 2.8 Evocations


You had 5 spell levels left.
You didn't know any spells.

Dungeon Overview and Level Annotations

Branches:
Dungeon (4/16)
 Temple: D:4-7

Altars:
Cheibriados
Fedhas
Nemelex Xobeh
Okawaru

Annotations:
D:4 Edmund


Innate Abilities, Weirdness & Mutations

You are immune to all types of fire, even holy and hellish.
You are vulnerable to cold.
You need no food.
You have no legs.
You are immune to negative energy.


Message History

* * * LOW HITPOINT WARNING * * *
You feel sick. Edmund hits you with a runed flail.
* * * LOW HITPOINT WARNING * * *
You closely miss Edmund.
Edmund is lightly wounded.
Edmund hits you with a runed flail.
* * * LOW HITPOINT WARNING * * *
That liquid tasted very nasty...
You are more poisoned.
It was a potion of poison.
* * * LOW HITPOINT WARNING * * *
You feel sick. You block Edmund's attack.
You feel very mighty all of a sudden.
It was a potion of might.
* * * LOW HITPOINT WARNING * * *
You feel very sick.
You feel a little better. Edmund hits you but does no damage.
You hit Edmund.
Edmund is moderately wounded.
You die...

##... ........... >..
)..................
.....................
#.......................
#..........♣♣♣♣♣♣........
#...............%........
####..........♣♣♣♣♣♣........
...#.........).@@............
.♣..........#####(.((........
.......<....# ###'#########
.♣.♣..>....## #.#############
..........## #.#...........#
#♣#♣.##...# #..............
##.##...# #.........♣.♣.♣
#.###### #.............. ...
#.........♣.♣.♣


You could see Edmund.

Vanquished Creatures
  The ghost of Herrn the Skirmisher, an average DjFi (D:3)
  2 scorpions (D:4)
  A hound (D:4)
  An orc wizard (D:3)
  A worker ant (D:4)
  2 adders (D:2)
  2 giant mites
  2 worms (D:2)
  2 giant geckos (D:1)
  2 oozes
  10 orcs
  9 bats
  6 giant cockroaches
  6 goblins
  7 hobgoblins
  A quokka (D:2)
  5 giant newts
  7 kobolds
  9 rats
76 creatures vanquished.

Notes
Turn   | Place    | Note
--------------------------------------------------------------
     0 | D:1      | Herrn, the Djinni Fighter, began the quest for the Orb.
     0 | D:1      | Reached XP level 1. HP: 16/16 MP: 0/0
   218 | D:1      | Reached skill level 1 in Evocations
   229 | D:1      | Reached XP level 2. EP: 23/23
   513 | D:1      | Reached XP level 3. EP: 28/30
  1037 | D:2      | Found an iron altar of Okawaru.
  1041 | D:2      | Found a snail-covered altar of Cheibriados.
  1042 | D:2      | Found a blossoming altar of Fedhas.
  1051 | D:2      | Became a worshipper of Warmaster Okawaru
  1233 | D:2      | Reached XP level 4. EP: 30/37
  1450 | D:3      | Noticed Herrn's ghost (average DjFi)
  1691 | D:3      | Found a sparkling altar of Nemelex Xobeh.
  1699 | D:3      | Found an iron altar of Okawaru.
  2513 | D:3      | Killed Herrn's ghost
  2513 | D:3      | Reached skill level 4 in Fighting
  2513 | D:3      | Reached skill level 1 in Invocations
  2513 | D:3      | Reached XP level 5. EP: 5/45
  2716 | D:4      | Reached XP level 6. EP: 31/52
  3227 | D:4      | Noticed Edmund
  3267 | D:4      | Acquired Okawaru's first power
  3281 | D:4      | HP: 1/53 [poison (a potion of poison)]
  3282 | D:4      | Succumbed to poison (a potion of poison)

Action                   |  1- 3 |  4- 6 || total
-------------------------+-------+-------++-------
Melee: Falchion          |   164 |   258 ||   422
  Use: Potion            |       |     7 ||     7
